 Dungeon Crawl Stone Soup version 0.21-a0-404-g291f19a (webtiles) character file.

19 Klosterheim the Charmwright (level 2, -2/26 HPs)
             Began as a Gnoll Skald on Oct 29, 2017.
             Slain by a hobgoblin
             ... wielding a +0 club
              (4 damage)
             ... on level 1 of the Dungeon.
             The game lasted 00:01:21 (588 turns).

Klosterheim the Charmwright (Gnoll Skald)            Turns: 588, Time: 00:01:22

Health: -2/26      AC:  3    Str: 13    XL:     2   Next: 75%
Magic:  7/7        EV: 14    Int: 15    God:
Gold:   43         SH:  0    Dex: 14    Spells: 9/10 levels left

rFire    . . .     SeeInvis .   e - -2 whip (curse)
rCold    . . .     Gourm    .   (no shield)
rNeg     . . .     Faith    .   b - +0 leather armour
rPois    .         Spirit   .   (no helmet)
rElec    .         Reflect  .   (no cloak)
rCorr    .         Harm     .   (no gloves)
MR       .....                  (no boots)
Stlth    +.........             (no amulet)
HPRegen  0.08/turn              (no ring)
MPRegen  0.10/turn              (no ring)

@: no status effects
A: distributed training, fangs 1, strong nose
a: no special abilities


You were on level 1 of the Dungeon.
You were not hungry.

You visited 1 branch of the dungeon, and saw 1 of its levels.

You collected 43 gold pieces.

Inventory:

Hand Weapons
 a - a +0 falchion
 e - a cursed -2 whip (weapon)
Armour
 b - a +0 leather armour (worn)
Scrolls
 h - 2 scrolls of magic mapping
Potions
 g - a potion of invisibility {unknown}
 i - a potion of might {unknown}
 j - a potion of degeneration {unknown}
 k - a potion of berserk rage {unknown}
Books
 c - a book of Battle

   Spells                             Type                      Level
   a - Infusion                       Charms                       1
   b - Shroud of Golubria             Charms/Translocation         2
   c - Song of Slaying                Charms                       2
   d - Spectral Weapon                Hexes/Charms                 3
   e - Regeneration                   Charms/Necromancy            3
Comestibles
 d - a bread ration
 f - 3 chunks of flesh


   Skills:
 + Level 4.5 Fighting
 + Level 0.5 Short Blades
 + Level 4.5 Long Blades
 + Level 0.5 Axes
 + Level 0.5 Maces & Flails
 + Level 0.5 Polearms
 + Level 0.5 Staves
 + Level 0.5 Slings
 + Level 0.5 Bows
 + Level 0.5 Crossbows
 + Level 0.5 Throwing
 + Level 2.5 Armour
 + Level 4.5 Dodging
 + Level 0.5 Stealth
 + Level 0.5 Shields
 + Level 0.5 Unarmed Combat
 + Level 4.9 Spellcasting
 + Level 0.3 Conjurations
 + Level 0.3 Hexes
 + Level 5.3 Charms
 + Level 0.3 Summonings
 + Level 0.3 Necromancy
 + Level 0.3 Translocations
 + Level 0.3 Transmutations
 + Level 0.3 Fire Magic
 + Level 0.3 Ice Magic
 + Level 0.3 Air Magic
 + Level 0.3 Earth Magic
 + Level 0.3 Poison Magic
 + Level 0.6 Invocations
 + Level 0.5 Evocations


You had 9 spell levels left.
You knew the following spells:

 Your Spells              Type           Power        Failure   Level  Hunger
a - Infusion              Chrm           ###.         2%          1    None


Dungeon Overview and Level Annotations

Branches:
Dungeon (1/15)

Altars:


Innate Abilities, Weirdness & Mutations

Your experience applies equally to all skills.
You have very sharp teeth.
Your uncanny sense of smell can sniff out nearby items.


Message History

The hobgoblin hits you but does no damage.
The dart slug misses you. The hobgoblin hits you with a club.
* * * LOW HITPOINT WARNING * * *
The dart slug bites you.
* * * LOW HITPOINT WARNING * * *
The hobgoblin hits you but does no damage.
The dart slug closely misses you. The hobgoblin hits you with a club.
* * * LOW HITPOINT WARNING * * *
The hobgoblin closely misses you. The dart slug closely misses you.
The hobgoblin misses you. The dart slug misses you.
The hobgoblin hits you but does no damage.
The dart slug bites you but does no damage.
The hobgoblin hits you but does no damage.
The dart slug launches a dart at you. The slug dart hits you!
The hobgoblin closely misses you. The hobgoblin hits you with a club.
You die...

.##.#..#.#######....#*,*,**,*****
.##.###...##........#*,*,**,,,,,,
.##.................#*,*,********
.###.(....##.......#**,*,*******
.# #......##.......# *,*,,,,,,,*
.# #...#####.......# *,*******,*
># #...# #.......# *,,,,,,,,,* ##
#...# #.......# *********** #...#
#....@..# #...# #...wg..# *,,,*
#.......# *,,,* #.......# *,,,*
#.......# *,,,* ######### *****


You could see a dart slug and a hobgoblin.

Vanquished Creatures
  2 leopard geckos (D:1)
  2 bats (D:1)
  A giant cockroach (D:1)
  2 goblins (D:1)
  3 hobgoblins (D:1)
  2 kobolds (D:1)
  3 rats (D:1)
15 creatures vanquished.

Notes
Turn   | Place    | Note
-------+----------+-------------------------------------------
     0 | D:1      | Klosterheim the Gnoll Skald began the quest for the Orb.
     0 | D:1      | Reached XP level 1. HP: 20/20 MP: 6/6
   340 | D:1      | Reached XP level 2. HP: 17/26 MP: 7/7
   588 | D:1      | Slain by a hobgoblin

Vault maps used:
D:1:      co_arrival_square_in_a_square_in_a_square, kennysheep_flooded_box,
          feat_on_display

Action                   || total
-------------------------++-------
Melee: Whip              ||    73
       Falchion          ||    10
       Bite              ||     8
  Use: Scroll            ||     2
Armor: Leather armour    ||    27
Dodge: Dodged            ||    96
       Rpst.: Falchion   ||     3

Table legend:
 A = Spawn XP
 B = Non-spawn XP
 C = Spawn XP percentage of total XP
 D = Spawn monster count
 E = Non-spawn monster count
 F = Spawn count percentage of total count
 G = Total turns spent on level
                    A         B        C        D         E        F      G
               +---------+---------+-------+---------+---------+-------+---------
         Total |       0 |      28 |   0.0 |       0 |      15 |   0.0 |   588
               +---------+---------+-------+---------+---------+-------+---------
           D:1 |       0 |      28 |   0.0 |       0 |      15 |   0.0 |   588
               +---------+---------+-------+---------+---------+-------+---------
